 Dungeon Crawl Stone Soup version 0.24.0-41-g2ae2f7f1be (webtiles) character file.

Game seed: 5484319143027650364, levelgen mode: deterministic

39 Descartes the Ducker (level 3, -1/17 HPs)
             Began as a Felid Monk on Dec 11, 2019.
             Slain by a jackal (3 damage)
             ... on level 1 of the Dungeon.
             The game lasted 00:03:08 (1680 turns).

Descartes the Ducker (Felid Monk)                   Turns: 1680, Time: 00:03:09

Health: -1/17      AC:  1    Str:  8    XL:     3   Next: 26%
Magic:  4/4        EV: 18    Int: 11    God:
Gold:   38         SH:  0    Dex: 18    Spells: 2/2 levels left
                                        Lives:  0   Deaths: 0

rFire    . . .     SeeInvis +     - Unarmed
rCold    . . .     Gourm    .   (shield unavailable)
rNeg     . . .     Faith    .   (armour unavailable)
rPois    .         Spirit   .   (helmet unavailable)
rElec    .         Reflect  .   (cloak unavailable)
rCorr    .         Harm     .   (gloves unavailable)
MR       .....                  (boots unavailable)
Stlth    ++........             (no amulet)
HPRegen  0.05/turn              (no ring)
MPRegen  0.09/turn              (no ring)

@: heavily drained, quick
A: very small, no armour, no weapons or thrown items, stealth, claws 1, fangs 3,
see invisible, carnivore, speed 1, shaggy fur 1, slow metabolism 1, sharp paws
a: no special abilities


You were on level 1 of the Dungeon.
You were completely stuffed.

You visited 1 branch of the dungeon, and saw 2 of its levels.

You collected 38 gold pieces.

Inventory:

Missiles
 d - 41 arrows
Scrolls
 c - a scroll of enchant weapon {unknown}
 f - a scroll of teleportation {unknown}
 g - a scroll of random uselessness {unknown}
 i - a scroll of identify {unknown}
Potions
 b - a potion of curing {unknown}
Comestibles
 a - 2 rations
 h - 3 chunks of flesh


   Skills:
 + Level 3.5(1.8) Fighting
 + Level 4.4(2.7) Dodging
 + Level 3.1(1.5) Stealth
 * Level 3.5(1.9) Unarmed Combat


You had 2 spell levels left.
You didn't know any spells.
Your spell library was empty.

Dungeon Overview and Level Annotations

Branches:
Dungeon (2/15)

Altars:


Innate Abilities, Weirdness & Mutations

You cannot wear armour.
You are incapable of wielding weapons or throwing items.
Your paws allow you to move quietly. (Stealth)
You have sharp claws.
You have razor-sharp teeth.
You have supernaturally acute eyesight. (SInv)
You are carnivorous and can eat meat at any time.
You cover ground quickly.
You are covered in fur. (AC +1)
You have a slow metabolism.
Your sharp claws are effective at attacking unaware monsters.


Message History

The jackal barely misses you. The rat completely misses you.
You scratch the jackal but do no damage.
The jackal is moderately wounded.
The jackal completely misses you. The rat misses you.
The jackal barely misses you.
You barely miss the jackal.
The jackal is moderately wounded.
The jackal barely misses you. The rat bites you.
* * * LOW HITPOINT WARNING * * *
You barely miss the jackal.
The jackal is moderately wounded.
The jackal closely misses you. The rat barely misses you. The jackal bites you.
* * * LOW HITPOINT WARNING * * *
You barely miss the jackal.
The jackal is moderately wounded.
The rat closely misses you. The jackal completely misses you.
You barely miss the jackal.
The jackal is moderately wounded.
The jackal bites you.
You die...

####................##.#
#.............#.###.##.#
#............##.# #.#..#
#............##.# #.#.##
#.....#...#####.# #.#.#
#.....#...# #.###.#.#
###.####.## #h#...#.#
#.# #.# #r#.###.#
####.####.# #@#.# #.#
..........# #h#.# #.#
###..#.#### #.#.# #.#
#..#.# #.#.# #.# #..#.#
#.#.# #.# ###.รท#.#
#.#.# #.#
....>#.#########.#.# #.#
.................#.###.#
####...########..#.....#


You could see 2 jackals and a rat.

Vanquished Creatures
  3 leopard geckos (D:1)
  3 giant cockroaches
  5 goblins (D:1)
  5 hobgoblins
  A jackal (D:2)
  9 bats
  2 frilled lizards (D:1)
  3 kobolds (D:1)
  2 rats
33 creatures vanquished.

Notes
Turn   | Place    | Note
-------+----------+-------------------------------------------
     0 | D:1      | Descartes the Felid Monk began the quest for the Orb.
     0 | D:1      | Reached XP level 1. HP: 10/10 MP: 2/2
   288 | D:1      | Reached XP level 2. HP: 14/14 MP: 3/3
  1404 | D:2      | Reached XP level 3. HP: 17/17 MP: 4/4
  1680 | D:1      | Slain by a jackal

Levels and vault maps discovered:
D:1:      psy_arrival_terrarium, layout_loops_ring
D:2:      layout_rooms, nicolae_overflow_hidden_temple, minmay_3d_cube

Skill      XL: |  1  2 |
---------------+-------+-----
Stealth        | 3 |  3.1
Fighting       | |  3.5
Dodging        | |  4.4
Unarmed Combat | |  3.5

Action                   || total
-------------------------++-------
Melee: Unarmed           ||    88
       Bite              ||     7
 Stab: Sleeping          ||    10
       Distracted        ||     1
  Eat: Chunk             ||     9
Armor: Skin              ||     6
Dodge: Dodged            ||    98
